 Dungeon Crawl Stone Soup version 0.23-a0-141-g456867d (webtiles) character file.

41 galech the Skirmisher (level 3, -3/29 HPs)
             Began as a Demonspawn Monk on Aug 31, 2018.
             Succumbed to Ijyb's poison
             ... on level 2 of the Dungeon.
             The game lasted 00:02:21 (1487 turns).

galech the Skirmisher (Demonspawn Monk)             Turns: 1487, Time: 00:02:21

Health: -3/29      AC:  4    Str: 11    XL:     3   Next: 32%
Magic:  3/3        EV: 13    Int: 11    God:
Gold:   96         SH:  0    Dex: 16    Spells: 2/2 levels left

rFire    . . .     SeeInvis .   a - +0 hand axe
rCold    . . .     Gourm    .   (no shield)
rNeg     . . .     Faith    .   b - +0 robe
rPois    .         Spirit   .   (no helmet)
rElec    .         Reflect  .   (no cloak)
rCorr    .         Harm     .   (no gloves)
MR       .....                  (no boots)
Stlth    +.........             (no amulet)
HPRegen  0.09/turn              i - ring of attention (curse)
MPRegen  0.08/turn              (no ring)

@: lethally poisoned (-3 -> -44)
A: claws 1, thin metallic scales 1
a: no special abilities


You were on level 2 of the Dungeon.
You were not hungry.

You visited 1 branch of the dungeon, and saw 3 of its levels.

You collected 96 gold pieces.

Inventory:

Hand Weapons
 a - a +0 hand axe (weapon)
Armour
 b - a +0 robe (worn)
Jewellery
 i - a cursed ring of attention (left claw)
Scrolls
 d - a scroll of teleportation {unknown}
 j - a scroll of fog {unknown}
 l - a scroll of remove curse {unknown}
 m - a scroll of enchant weapon {unknown}
Potions
 f - a potion of brilliance {unknown}
 h - a potion of degeneration {unknown}
 k - a potion of cancellation {unknown}
Comestibles
 c - 5 rations


   Skills:
 + Level 3.4 Fighting
 + Level 3.2 Axes
 + Level 3.0 Dodging
 + Level 1.9 Stealth
 + Level 0.3 Unarmed Combat


You had 2 spell levels left.
You didn't know any spells.
Your spell library was empty.

Dungeon Overview and Level Annotations

Branches:
Dungeon (3/15)

Altars:
Xom
Yredelemnul

Annotations:
D:2 Ijyb
D:3 Jessica


Innate Abilities, Weirdness & Mutations

You have sharp fingernails.
You are partially covered in thin metallic scales. (AC +2)


Message History

You are too injured to fight recklessly!
You are too injured to fight recklessly!
You are too injured to fight recklessly!
You are too injured to fight recklessly!
You are too injured to fight recklessly!
You are too injured to fight recklessly!
You hit Ijyb but do no damage.
Ijyb is almost dead.
You feel very sick. Ijyb hits you with a dagger of venom.
* * * LOW HITPOINT WARNING * * *
You are more poisoned.
You hit Ijyb but do no damage.
Ijyb is almost dead.
* * * LOW HITPOINT WARNING * * *
You feel very sick. Ijyb hits you but does no damage.
You hit Ijyb.
Ijyb is almost dead.
You die...

#########
#############.......#
#....#......#.......#
#....#......#........
###...g#...............
#.+...@................
#.#....................
#.#....................
#.#...#....#...........
#.#...#................
#.#...#................
#......................
###...##...............
#...######...........


You could see Ijyb.

Vanquished Creatures
  An ooze (D:1)
  A worm (D:2)
  2 dart slugs (D:1)
  4 giant cockroaches
  4 goblins
  4 hobgoblins (D:1)
  2 quokkas (D:2)
  3 bats
  A kobold (D:1)
  6 rats
28 creatures vanquished.

Notes
Turn   | Place    | Note
-------+----------+-------------------------------------------
     0 | D:1      | galech the Demonspawn Monk began the quest for the Orb.
     0 | D:1      | Reached XP level 1. HP: 18/18 MP: 1/1
   143 | D:1      | Gained mutation: You are partially covered in thin metallic
                  | scales. (AC +2) [demonic ancestry]
   143 | D:1      | Reached XP level 2. HP: 11/24 MP: 2/2
   487 | D:1      | Gained mutation: You have sharp fingernails. [demonic
                  | ancestry]
   487 | D:1      | Reached XP level 3. HP: 28/29 MP: 3/3
   854 | D:2      | Found a basalt altar of Yredelemnul.
  1431 | D:3      | Found a shimmering altar of Xom.
  1440 | D:3      | Noticed Jessica
  1441 | D:3      | Noticed Ijyb
  1486 | D:2      | HP: 1/29 [poisoned by Ijyb]
  1487 | D:2      | Succumbed to Ijyb's poison

Vault maps used:
D:1:      saegor_arrival_simple_c, minmay_misc_feat_columns
D:2:      first_ration, chequers_big_river, yredelemnul_altar_generic
D:3:      wad_lake_hut, overflow_temple_1_default, kennysheep_slug_shrine,
          trog_book, uniq_sigmund, uniq_jessica, uniq_ijyb, uniq_natasha

Skill      XL: |  1  2 |
---------------+-------+-----
Axes           | 3 |  3.2
Dodging        | 3 |  3.0
Fighting       | |  3.4
Stealth        | |  1.9
Unarmed Combat | |  0.3

Action                   || total
-------------------------++-------
Melee: Hand axe          ||    76
       Unarmed           ||    67
       Punch             ||     1
  Use: Potion            ||     4
 Stab: Sleeping          ||     2
  Eat: Ration            ||     1
Armor: Robe              ||    35
Dodge: Dodged            ||    90

Table legend:
 A = Non-vault XP
 B = Vault XP
 C = Vault XP percentage of total XP
 D = Non-vault monster count
 E = Vault monster count
 F = Vault count percentage of total count
                 A         B        C        D         E       F
            +---------+---------+-------+---------+---------+-------
      Total |      59 |       0 |   0.0 |      28 |       0 |   0.0
            +---------+---------+-------+---------+---------+-------
        D:1 |      42 |       0 |   0.0 |      20 |       0 |   0.0
        D:2 |      17 |       0 |   0.0 |       8 |       0 |   0.0
            +---------+---------+-------+---------+---------+-------
